Map: Mech Depot LE

Players

soul

  • Race: Terran Terran
  • Spawn Location: 7:00

ShoWTimE - Winner!

  • Race: Protoss Protoss
  • Spawn Location: 1:00

Event: WCS Montreal 2017

VOD

Have the link to the VOD?

Description

Time

  • Played on: Sept. 8, 2017, 6:08 p.m.
  • Length: 8:34

All games in this series

Show
View Real Time Build Order
Export as new Build Order

soul Terran 

Build Orders: Gas First Reaper Expand, Reaper Expand, MMM Bio 

Get SALT Encoding   

  12  0:00  SCV  
  13  0:12  SCV  
  14  0:17  Supply Depot  
  14  0:24  SCV  
  14  0:28  Refinery  
  15  0:39  SCV  
  16  0:45  Barracks  
  16  0:51  SCV  
  17  1:03  SCV  
  18  1:15  SCV  
  19  1:34  Orbital Command, Reaper  
  20  1:48  Command Center  
  20  1:57  Factory  
  20  2:01  SCV  
  21  2:09  Supply Depot  
  21  2:11  Barracks Reactor  
  21  2:15  SCV  
  22  2:20  Refinery  
  22  2:27  SCV  
  23  2:39  SCV  
  23  2:43  Starport  
  24  2:47  Marine x2  
  26  2:51  SCV, Widow Mine  
  29  3:04  SCV  
  30  3:06  Marine  
  30  3:07  Marine  
  30  3:08  Orbital Command  
  32  3:16  SCV  
  33  3:20  Viking  
  33  3:24  Marine  
  33  3:25  Marine  
  33  3:26  Widow Mine  
  39  3:28  SCV  
  41  3:34  SCV  
  41  3:39  Supply Depot  
  41  3:40  SCV  
  42  3:44  Marine  
  42  3:46  Marine, SCV  
  45  3:53  SCV  
  45  3:54  Barracks  
  46  3:57  Barracks  
  46  4:01  Factory Tech Lab, SCV  
  46  4:02  Starport Tech Lab  
  47  4:05  SCV  
  47  4:08  Supply Depot  
  48  4:13  SCV  
  48  4:15  Marine x2  
  51  4:17  SCV  
  51  4:21  Engineering Bay  
  52  4:25  SCV  
  52  4:29  SCV  
  54  4:34  Starport Reactor  
  54  4:35  Supply Depot  
  54  4:36  Factory Reactor  
  54  4:37  SCV  
  55  4:40  Marine x2  
  55  4:41  SCV  
  58  4:49  SCV  
  61  4:52  Marauder  
  61  4:53  SCV  
  61  4:56  Missile Turret  
  61  4:59  Missile Turret  
  60  5:01  SCV  
  60  5:05  SCV  
  54  5:09  Missile Turret  
  54  5:13  SCV  
  49  5:15  Marine  
  49  5:16  Marine x3  
  49  5:17  SCV  
  52  5:25  SCV  
  53  5:29  SCV  
  53  5:34  Marine x3  
  57  5:42  Missile Turret  
  52  5:46  SCV  
  52  5:48  SCV  
  51  5:52  Marine  
  51  5:53  Barracks Tech Lab x2  
  51  5:54  Medivac  
  55  5:58  SCV  
  55  5:59  Medivac  
  54  6:04  SCV  
  54  6:10  Marine  
  56  6:12  Stimpack  
  56  6:13  Supply Depot  
  56  6:15  Combat Shields  
  54  6:19  SCV  
  54  6:20  SCV  
  54  6:23  Marine  
  57  6:28  Supply Depot  
  57  6:31  SCV  
  57  6:32  SCV  
  60  6:34  Barracks Reactor  
  60  6:39  Starport Reactor  
  59  6:43  SCV  
  59  6:44  SCV  
  61  6:48  Marine  
  61  6:49  Marauder  
  64  6:55  Supply Depot, SCV  
  64  6:56  SCV  
  66  7:06  Refinery  
  66  7:07  SCV, Refinery, Marauder  
  69  7:08  SCV  
  69  7:10  Marine  
  69  7:14  Supply Depot, Marine  
  72  7:16  Marine  
  72  7:19  SCV  
  72  7:20  SCV  
  74  7:27  Marine x2  
  73  7:32  Marine  
  73  7:34  Medivac, Marine  
  71  7:43  SCV  
  72  7:45  Marine  
  72  7:47  Marauder  
  72  7:48  Factory Reactor  
  72  7:50  Marine  
  74  7:51  Command Center  
  74  7:52  SCV  
  75  8:02  Supply Depot  
  75  8:04  SCV  
  75  8:05  Barracks x2  
  76  8:06  SCV  
  76  8:10  Marine  
  76  8:11  Marauder  
  80  8:16  SCV  
  84  8:22  SCV  
Show
View Real Time Build Order
Export as new Build Order

ShoWTimE Protoss - Winner!

Build Orders: 1 Gate Expand, Dark Templar Rush 

Get SALT Encoding   

  12  0:00  Probe (Chrono Boost)  
  13  0:11  Probe (Chrono Boost)  
  14  0:17  Pylon  
  14  0:22  Probe (Chrono Boost)  
  15  0:35  Probe (Chrono Boost)  
  16  0:36  Gateway  
  16  0:42  Assimilator  
  16  0:46  Probe (Chrono Boost)  
  17  0:56  Probe (Chrono Boost)  
  18  1:07  Probe (Chrono Boost)  
  19  1:21  Nexus  
  19  1:31  Cybernetics Core  
  19  1:34  Probe (Chrono Boost)  
  20  1:41  Assimilator  
  20  1:46  Probe (Chrono Boost)  
  21  1:55  Pylon  
  21  1:56  Probe (Chrono Boost)  
  22  2:07  Probe (Chrono Boost)  
  23  2:09  Warp Gate  
  23  2:14  Adept (Chrono Boost)  
  25  2:18  Probe  
  26  2:29  Robotics Facility  
  26  2:31  Probe x2 (Chrono Boost)  
  28  2:43  Probe x2 (Chrono Boost)  
  30  2:47  Twilight Council  
  29  2:53  Probe (Chrono Boost)  
  29  2:55  Mothership Core (Chrono Boost)  
  32  3:04  Probe (Chrono Boost)  
  33  3:13  Probe (Chrono Boost)  
  33  3:14  Probe (Chrono Boost)  
  33  3:17  Warp Prism (Chrono Boost)  
  37  3:22  Probe  
  37  3:25  Probe, Dark Shrine  
  39  3:32  Gateway  
  39  3:33  Probe  
  39  3:37  Probe  
  41  3:42  Gateway  
  41  3:43  Probe  
  42  3:48  Pylon  
  42  3:51  Probe  
  42  3:54  Probe  
  44  3:57  Pylon  
  44  4:03  Assimilator, Probe  
  44  4:05  Assimilator  
  44  4:07  Probe  
  46  4:14  Observer (Chrono Boost)  
  46  4:15  Probe  
  48  4:18  Probe  
  48  4:21  Pylon  
  49  4:27  Probe  
  49  4:30  Probe  
  50  4:37  Dark Templar  
  50  4:38  Dark Templar x2  
  57  4:39  Probe  
  57  4:42  Probe  
  59  4:51  Probe  
  59  4:52  Probe  
  59  4:55  Blink (Chrono Boost)  
  60  5:03  Probe x2  
  62  5:10  Nexus  
  62  5:12  Pylon  
  60  5:14  Probe  
  60  5:16  Probe  
  60  5:17  Immortal (Chrono Boost), Forge  
  66  5:25  Probe  
  67  5:28  Sentry  
  67  5:33  Gateway  
  69  5:36  Probe, Pylon  
  69  5:37  Probe  
  69  5:51  Gateway  
  69  5:52  Protoss Ground Weapons Level 1 (Chrono Boost)  
  69  5:53  Probe x2, Gateway  
  69  5:56  Immortal, Gateway  
  75  6:05  Probe  
  76  6:11  Sentry x2  
  76  6:18  Dark Templar  
  80  6:19  Probe  
  80  6:20  Probe  
  80  6:22  Probe  
  80  6:23  Gateway  
  83  6:30  Immortal  
  83  6:31  Probe  
  84  6:35  Pylon  
  86  6:49  Pylon  
  86  6:50  Stalker x4  
  86  6:51  Stalker x2  
  98  6:55  Adept  
  100  7:03  Pylon  
  100  7:06  Observer  
  100  7:07  Pylon  
  100  7:09  Pylon  
  100  7:12  Pylon  
  101  7:17  Adept x3  
  101  7:18  Adept x3  
  109  7:32  Stalker  
  109  7:33  Stalker  
  113  7:40  Pylon  
  113  7:50  Adept  
  113  7:51  Adept x5  
  125  7:53  Photon Cannon  
  125  7:58  Adept, Pylon  
  125  7:59  Adept  
  125  8:00  Probe x2  
  125  8:04  Observer  
  131  8:10  Assimilator  
  131  8:12  Assimilator  
  132  8:25  Adept x2  
  132  8:26  Adept x6  
Tags
 
Add a new tag
Caveats
  • Supply blocks, unpowered buildings, or Contaminate may cause inaccurate times.
  • Supply counts are checked every 10 seconds.